AoeStats
← TigerGecko

QS Arena

503698967Analyzed
4v4 RM · 1mo ago on Sep 1, 2026· 39m 47s· 8 players
Game mode
Random Map
Map size
Large (8 player)
Population
200
Speed
Normal
Resources
Standard
Victory
Conquest
Starting age
Dark Age
Ending age
Imperial Age
RankedLock teamsTeams togetherTeam positionsShared explorationLock speedFull tech treeHidden civsTurbo modeCheats
Victory
Defeat
🇲🇽 Spanish · Mexico
1437
+14
🇺🇸 Teutons · United States
1413
+15
🇨🇳 Lithuanians · China
1413
+15
🇮🇳 Huns · India
1357
+18
🇩🇪 Celts · Germany
1448
-18
🇺🇸 Sicilians · United States
1400
-16
🇩🇪 Tatars · Germany
1369
-14
🇷🇴 Byzantines · Romania
1364
-14
老狐狸
8:26 Feudal Age
12:22 Castle Age
11:15 Double-Bit Axe
11:11 Horse Collar
13:41 Bow Saw
21:06 Wheelbarrow
25:29 Imperial Age
23:23 Scale Barding Armor
24:00 Hand Cart
23:35 Loom
23:42 Gold Mining
23:43 Stone Mining
24:34 Chain Barding Armor
24:28 Heavy Plow
25:06 Forging
26:13 Husbandry
26:24 Bloodlines
26:35 Conscription
27:00 Plate Barding Armor
27:01 Iron Casting
26:39 Elite Leitis
BenOFF
8:15 Feudal Age
9:41 Loom
12:26 Castle Age
13:09 Fletching
19:05 Horse Collar
25:03 Heavy Plow
25:20 Double-Bit Axe
29:27 Bow Saw
30:52 Wheelbarrow
30:27 Gold Mining
34:25 Imperial Age
33:46 Bloodlines
33:36 Husbandry
33:55 Bodkin Arrow
34:01 Padded Archer Armor
36:09 Leather Archer Armor
35:57 Stone Mining
36:41 Elite Conquistador
38:01 Ring Archer Armor
38:36 Conscription
39:43 Ballistics
chiwire
3:39 Loom
6:53 Feudal Age
8:17 Fletching
20:47 Castle Age
19:23 Double-Bit Axe
19:23 Horse Collar
22:07 Town Watch
30:39 Scale Mail Armor
31:55 Gold Mining
35:20 Imperial Age
33:38 Wheelbarrow
32:27 Man-at-Arms
32:32 Pikeman
33:46 Chain Mail Armor
33:25 Man-at-Arms
34:06 Squires
33:52 Gambesons
35:43 Hand Cart
35:02 Long Swordsman
35:32 Arson
36:00 Forging
37:06 Chemistry
35:31 Halberdier
36:57 Plate Mail Armor
36:52 Two-Handed Swordsman
38:10 Iron Casting
38:14 Conscription
37:38 Champion
wallnboom
9:33 Feudal Age
13:24 Castle Age
11:18 Double-Bit Axe
11:13 Horse Collar
11:20 Horse Collar
14:15 Bow Saw
20:05 Wheelbarrow
26:09 Imperial Age
23:33 Loom
23:50 Heavy Plow
23:41 Gold Mining
24:23 Scale Barding Armor
24:31 Forging
25:01 Gold Shaft Mining
24:18 Stone Mining
25:29 Chain Barding Armor
26:06 Husbandry
26:17 Bloodlines
26:18 Cavalier
27:19 Conscription
28:04 Plate Barding Armor
28:09 Iron Casting
28:23 Paladin
30:09 Blast Furnace
28:52 Light Cavalry
28:54 Capped Ram
30:01 Siege Ram
34:29 Fletching
35:02 Ballistics
34:49 Town Watch
35:20 Hand Cart
36:10 Two-Man Saw
35:52 Light Cavalry
37:34 Chemistry
36:38 Padded Archer Armor
36:34 Bodkin Arrow
37:08 Pikeman
38:06 Leather Archer Armor
37:52 Bracer
37:55 Scale Mail Armor
38:44 Squires
39:37 Chain Mail Armor
39:09 Arson
39:19 Halberdier
39:40 Hussar
sjhgdtbr
9:24 Feudal Age
13:32 Castle Age
11:45 Double-Bit Axe
11:56 Horse Collar
14:54 Husbandry
15:34 Bow Saw
17:14 Loom
19:52 Wheelbarrow
21:57 Fletching
22:31 Sanctity
26:01 Imperial Age
24:30 Fervor
25:31 Scale Barding Armor
25:37 Forging
25:51 Ballistics
26:08 Stone Mining
26:09 Gold Mining
27:03 Elite Skirmisher
27:19 Elite Cataphract
28:01 Bodkin Arrow
28:38 Padded Archer Armor
29:11 Thumb Ring
30:19 Conscription
29:48 Pikeman
30:28 Squires
30:52 Scale Mail Armor
31:47 Chain Barding Armor
32:45 Iron Casting
32:27 Leather Archer Armor
32:15 Bracer
33:17 Chemistry
33:40 Plate Barding Armor
33:19 Halberdier
34:16 Chain Mail Armor
36:02 Fortified Wall
38:27 Leather Archer Armor
TigerGecko
7:25 Feudal Age
7:17 Loom
8:32 Loom
11:16 Castle Age
9:59 Horse Collar
20:10 Double-Bit Axe
22:44 Bow Saw
23:03 Town Watch
24:05 Gold Mining
25:49 Heavy Plow
28:54 Wheelbarrow
29:49 Stone Mining
30:34 Gold Shaft Mining
35:30 Imperial Age
33:19 Fortified Wall
32:49 Treadmill Crane
33:11 Scale Mail Armor
33:22 Forging
34:26 Chain Mail Armor
34:11 Pikeman
35:28 Iron Casting
35:55 Hand Cart
35:36 Halberdier
36:47 Plate Mail Armor
35:51 Capped Ram
38:17 Blast Furnace
37:44 Arson
38:20 Fletching
40:05 Conscription
39:42 Stronghold
GleeF
7:36 Feudal Age
8:39 Double-Bit Axe
11:29 Castle Age
11:31 Horse Collar
12:44 Bow Saw
21:36 Wheelbarrow
21:28 Loom
25:06 Imperial Age
22:53 Scale Barding Armor
23:23 Bloodlines
23:28 Forging
24:01 Stone Mining
24:03 Gold Mining
24:16 Husbandry
24:32 Heavy Plow
25:22 Chain Barding Armor
26:37 Plate Barding Armor
27:50 Iron Casting
26:50 Heavy Camel Rider
27:57 Conscription
27:19 Elite Keshik
29:03 Hand Cart
29:27 Fletching
31:17 Blast Furnace
30:15 Bodkin Arrow
31:07 Bracer
32:07 Blast Furnace
34:05 Padded Archer Armor
34:08 Heavy Cavalry Archer
36:10 Leather Archer Armor
36:17 Ballistics
36:58 Chemistry
38:18 Light Cavalry
brendan.killough
4:46 Loom
7:21 Feudal Age
7:49 Double-Bit Axe
8:59 Horse Collar
10:40 Wheelbarrow
19:57 Castle Age
19:59 Fletching
22:08 Bow Saw
22:03 Heavy Plow
25:00 Ballistics
24:37 Murder Holes
28:22 Scale Mail Armor
28:19 Bodkin Arrow
29:11 Masonry
32:30 Squires
32:16 Arson
33:19 Chain Mail Armor
33:15 Forging
32:30 Pikeman
32:56 Gambesons
Connection lost

Rejoining the realm…

Still unreachable

The connection could not be restored.

Session expired

The server has moved on; the page needs a fresh start.